 Dungeon Crawl Stone Soup version 0.18-a0-1747-g18c4181 (webtiles) character file.

52 Chiseanne the Magician (level 3, 0/26 HPs)
             Began as a Demonspawn Wanderer on Apr 12, 2016.
             Was an Initiate of Kikubaaqudgha.
             Slain by a white imp (3 damage)
             ... summoned by Natasha
             ... on level 2 of the Dungeon.
             The game lasted 00:08:45 (1922 turns).

Chiseanne the Magician (Demonspawn Wanderer)        Turns: 1922, Time: 00:08:46

Health: 0/26       AC:  6    Str: 14    XL:     3   Next: 60%
Magic:  9/9        EV: 11    Int: 11    God:    Kikubaaqudgha [......]
Gold:   52         SH:  0    Dex: 13    Spells: 3 memorised, 6 levels left

rFire  . . .     SeeInvis .     a - +4 dagger
rCold  . . .     Gourm    .     l - +1 leather armour
rNeg   . . .     Faith    .     (no shield)
rPois  .         Spirit   .     (no helmet)
rElec  .         Dismiss  .     (no cloak)
rCorr  .         Reflect  .     (no gloves)
SustAt .         Harm     .     (no boots)
MR     .....                    (no amulet)
Stlth  +.........               (no ring)
                                (no ring)

@: not resistant to hostile enchantments, very unstealthy
A: slimy green scales 1
a: Renounce Religion


You were on level 2 of the Dungeon.
You worshipped Kikubaaqudgha.
Kikubaaqudgha was noncommittal.
You were not hungry.

You visited 1 branch of the dungeon, and saw 2 of its levels.

You collected 52 gold pieces.

Inventory:

Hand Weapons
 a - a +4 dagger (weapon)
Missiles
 h - 16 poisoned needles
 n - 38 bolts
 q - 8 curare-tipped needles
Armour
 l - a +1 leather armour (worn)
Scrolls
 e - a scroll of fog
 g - a scroll of remove curse
Potions
 k - a potion of ambrosia {unknown}
 m - a potion of might
 o - 2 potions of curing {unknown}
Books
 c - the Disquisition on Transformation

   Spells                             Type                      Level
   a - Sticks to Snakes               Transmutation                2
   b - Passwall                       Transmutation/Earth          2
 d - the Guide on Dark Rituals

   Spells                             Type                      Level
   a - Animate Skeleton               Necromancy                   1
   b - Vampiric Draining              Necromancy                   3
 r - Vehumet's Reference Book on Confrontation
   (You found it on level 2 of the Dungeon)

   Spells                             Type                      Level
   a - Magic Dart                     Conjuration                  1
Comestibles
 f - 3 bread rations
 i - 2 meat rations
 p - 3 chunks of flesh
 s - a fruit


   Skills:
 * Level 1.2 Fighting
 * Level 1.5 Dodging
 - Level 1.0 Stealth
 * Level 5.1 Spellcasting
 * Level 1.8 Necromancy
   Level 1.0 Translocations
 - Level 1.0 Transmutations
   Level 1.0 Air Magic
   Level 1.0 Evocations


You had 6 spell levels left.
You knew the following spells:

 Your Spells              Type           Power        Failure   Level  Hunger
a - Animate Skeleton      Necr           N/A          14%         1    None
b - Sticks to Snakes      Trmt           #.......     30%         2    ##.....
c - Vampiric Draining     Necr           #.........   38%         3    ###....


Dungeon Overview and Level Annotations

Branches:
Dungeon (2/15)

Altars:
Kikubaaqudgha
Sif Muna
Vehumet

Annotations:
D:2 Natasha, Sigmund


Innate Abilities, Weirdness & Mutations

You are partially covered in slimy green scales (AC +2).


Message History

The puff of frost hits you!
You barely miss the white imp.
The white imp is heavily wounded.
The white imp gestures at you. The puff of frost hits you!
You hit the white imp.
The white imp is almost dead.
The white imp gestures at you. The puff of frost hits you!
* * * LOW HITPOINT WARNING * * *
You barely miss the white imp.
The white imp is almost dead.
The white imp hits you but does no damage.
You closely miss the white imp.
The white imp is almost dead.
The white imp hits you.
* * * LOW HITPOINT WARNING * * *
The white imp freezes you.
You die...
Kikubaaqudgha rasps: "You have failed me!
Welcome... death!"

########## #........#
#........# #........# #
#........# #.. #........#
....### #........# ##
#.#....###........######.
#......5@..............'.
#......####.....########.
#...... #.....# #.
#>(.... #.....# #.
#...... #.....########.
#...... #........<.....
#...... #....##....).....
#...... ####+##..........
#...............


You could see a white imp.

Vanquished Creatures
  A worm (D:2)
  A dart slug (D:1)
  2 giant geckos (D:2)
  6 goblins
  2 hobgoblins (D:1)
  A jackal (D:1)
  3 ball pythons
  6 bats
  3 giant newts
  2 kobolds
  7 rats
34 creatures vanquished.

Vanquished Creatures (collateral kills)
  A worm (D:2)
  A dart slug (D:2)
  A giant gecko (D:2)
  A bat (D:1)
  A giant cockroach (D:2)
  A goblin (D:1)
  A hobgoblin (D:1)
  A jackal (D:1)
  A quokka (D:2)
  A ball python (D:2)
  A kobold (D:1)
11 creatures vanquished.

Grand Total: 45 creatures vanquished

Notes
Turn   | Place    | Note
--------------------------------------------------------------
     0 | D:1      | Chiseanne the Demonspawn Wanderer began the quest for the Orb.
     0 | D:1      | Chiseanne set off with: a +2 dagger, a potion of heal wounds, the Disquisition on Transformation, the Guide on Dark Rituals, a +0 robe, a bread ration
     0 | D:1      | Reached XP level 1. HP: 13/13 MP: 6/6
     1 | D:1      | Identified the Disquisition on Transformation
     1 | D:1      | Identified the Guide on Dark Rituals
     3 | D:1      | Learned a level 1 spell: Animate Skeleton
   300 | D:1      | Gained mutation: You are partially covered in slimy green scales (AC +2). [demonic ancestry]
   300 | D:1      | Reached XP level 2. HP: 13/20 MP: 8/8
   548 | D:1      | Reached skill level 1 in Fighting
   578 | D:1      | Reached skill level 1 in Dodging
   906 | D:1      | Learned a level 2 spell: Sticks to Snakes
  1249 | D:1      | Reached skill level 1 in Necromancy
  1481 | D:2      | Noticed Sigmund
  1493 | D:2      | Reached XP level 3. HP: 24/26 MP: 9/9
  1746 | D:2      | Found an ancient bone altar of Kikubaaqudgha.
  1750 | D:2      | Found a deep blue altar of Sif Muna.
  1751 | D:2      | Found a radiant altar of Vehumet.
  1755 | D:2      | Became a worshipper of Kikubaaqudgha
  1772 | D:2      | Identified Vehumet's Reference Book on Confrontation
  1777 | D:2      | Learned a level 3 spell: Vampiric Draining
  1900 | D:2      | Noticed Natasha
  1909 | D:2      | HP: 1/26 [Natasha (4)]
  1922 | D:2      | Slain by a white imp

Vault maps used:
D:1:      kilobyte_arrival_exit_the_forest
D:2:      grunt_temple_overflow_magic_moments, first_bread, ecumenical_altar_2,
          uniq_robin, uniq_sigmund, uniq_natasha

Skill      XL: |  1  2 |
---------------+-------+-----
Fighting       | 1 |  1.2
Dodging        | 1 |  1.5
Necromancy     | 1 |  1.8
Stealth        | |  1.0
Spellcasting   | |  5.1
Translocations | |  1.0
Transmutations | |  1.0
Air Magic      | |  1.0
Evocations     | |  1.0

Action                   || total
-------------------------++-------
Melee: Dagger            ||   138
 Cast: Animate Skeleton  ||    17
  Use: Scroll            ||     8
       Potion            ||     1
 Stab: Sleeping          ||     1
  Eat: Chunk             ||     3
Armor: Leather armour    ||    69
       Robe              ||     2
Dodge: Dodged            ||   114
